 Dungeon Crawl Stone Soup version 0.30-a0-627-gc11e7ae810 (console) character file.

Game seed: 2803822255543531810

15876 Ignak the Fighter (level 12, -7/124 (126) HPs)
             Began as an Ogre Warper on Jan 12, 2023.
             Was a High Priest of Okawaru.
             Mangled by an orc warlord
             ... wielding a +3 great sword of flaming
              (34 damage)
             ... on level 1 of the Orcish Mines.
             The game lasted 00:39:56 (12392 turns).

Ignak the Fighter (Ogre Warper)                    Turns: 12392, Time: 00:39:56

HP:   -7/124 (126)  AC: 12    Str: 28    XL:     12   Next: 31%
MP:   3/22          EV:  9    Int: 12    God:    Okawaru [*****.]
Gold: 1167          SH:  9    Dex:  8    Spells: 11/25 levels left

rFire   . . .      SeeInvis +    a - +5 broad axe (flame)
rCold   . . .      Faith    .    e - +0 kite shield
rNeg    . . .      Spirit   .    I - +0 swamp dragon scales
rPois   +          Reflect  .    z - +2 hat
rElec   .          Harm     .    x - +0 cloak
rCorr   .          Rampage  .    (gloves unavailable)
Will    +....                    (boots unavailable) Stlth
                                 L - amulet of regeneration
HPRegen 1.20/turn                q - ring of see invisible
MPRegen 0.18/turn                B - +6 ring of strength

@: very slightly contaminated, lightly drained
A: large, unfitting armour, tough skin 1, dopey 1
a: Renounce Religion, Heroism, Finesse, Duel


You were on level 1 of the Orcish Mines.
You worshipped Okawaru.
Okawaru was extremely pleased with you.
You visited 3 branches of the dungeon, and saw 12 of its levels.

You collected 1167 gold pieces.

Inventory:

Hand Weapons
 a - a +5 broad axe of flaming (weapon)
 b - a +1 whip of electrocution
 y - a +1 hammer of draining
 C - a +0 giant spiked club of flaming
 Q - a +1 antimagic broad axe
Missiles
 c - 2 silver boomerangs
 d - 2 boomerangs of dispersal
 i - 23 poisoned darts
 j - 3 curare-tipped darts
 k - 5 large rocks (quivered)
 H - 2 throwing nets
 U - 6 boomerangs
Armour
 e - a +0 kite shield (worn)
 x - a +0 cloak (worn)
 z - a +2 hat (worn)
 I - +0 swamp dragon scales (worn)
Jewellery
 q - a ring of see invisible (left hand)
 B - a +6 ring of strength (right hand)
 L - an amulet of regeneration (around neck)
 M - a ring of willpower
 R - a ring of poison resistance
Wands
 D - a wand of paralysis (2)
 F - a wand of polymorph (15)
 G - a wand of mindburst (8)
 K - a wand of digging (6)
Scrolls
 h - 2 scrolls of fear
 m - 2 scrolls of fog
 n - a scroll of enchant armour
 s - a scroll of acquirement {unknown}
 t - 2 scrolls of teleportation
 u - a scroll of poison
 A - a scroll of silence {unknown}
 P - 2 scrolls of identify
Potions
 f - a potion of ambrosia {unknown}
 g - a potion of resistance
 l - a potion of invisibility
 o - 6 potions of curing
 v - a potion of lignification
 E - 2 potions of berserk rage {unknown}
 N - a potion of degeneration {unknown}
 O - a potion of brilliance {unknown}
 S - a potion of cancellation {unknown}


   Skills:
 + Level 10.1 Fighting
 * Level 6.4(7.4) Axes
 - Level 5.2(6.4) Maces & Flails
 + Level 6.1 Throwing
 + Level 4.9 Armour
 + Level 6.1 Dodging
 + Level 7.0 Shields
 - Level 1.0 Unarmed Combat
 + Level 7.2 Spellcasting
 - Level 3.0 Conjurations
 + Level 6.3 Translocations
 * Level 3.1 Invocations


You had 11 spell levels left.
You knew the following spells:

 Your Spells              Type           Power      Damage    Failure   Level
a - Teleport Other        Tloc           19%        N/A       11%         3
b - Blink                 Tloc           38%        N/A       5%          2
c - Vhi's Electric Charg  Tloc/Air       22%        N/A       36%         3
d - Manifold Assault      Tloc           19%        N/A       34%         4
f - Searing Ray           Conj           22%        2d5       22%         2

Your spell library contained the following spells:

 Spells                   Type           Power      Damage    Failure   Level
 Lesser Beckoning         Tloc           38%        N/A       11%         3
 Magic Dart               Conj           44%        1d5       14%         1
 Ensorcelled Hibernation  Hex/Ice        8%         N/A       58%         2
 Spider Form              Tmut/Pois      4%         N/A       82%         3
 Fulminant Prism          Conj/Hex       3%         3d5       95%         4
 Anguish                  Hex/Necr       2%         N/A       99%         4


Dungeon Overview and Level Annotations

Branches:
Dungeon (9/15)             Temple (1/1) D:4             Orc (2/2) D:9
   Lair: D:8-11         Elf: Orc:2

Altars:
Cheibriados
Dithmenos
Elyvilon
Fedhas
Gozag
Hepliaklqana
Kikubaaqudgha
Makhleb
Nemelex Xobeh
Okawaru
Qazlal
Ru
Sif Muna
Trog
Uskayaw
Vehumet
Wu Jian
Xom
Yredelemnul
Zin
The Shining One

Shops:
D:2 =   Orc:2 :


Innate Abilities, Weirdness & Mutations

You are too large for most types of armour.
You have tough skin. (AC +1)
You are dopey. (Int -2)


Message History

Press: ? - help, Dir - move target, f/p - orc warlord
Aim: an orc warlord, wielding a +3 great sword of flaming and wearing a +0 chain mail (almost dead, 89% to hit)
You miscast Vhi's Electric Charge.
You are very lightly contaminated with residual magic.
You catch a glimpse of the back of your own head.
You are magically locked in place.
Aiming: Corrosive Bolt
Press: ? - help, Shift-Dir - straight line, f/p - orc warlord
Aim: an orc warlord, wielding a +3 great sword of flaming and wearing a +0 chain mail (almost dead, 79% to hit)
The bolt of acid hits the orc warlord!
The acid corrodes the orc warlord!
The orc warlord is almost dead.
The now-empty wand crumbles to dust.
Aiming: Mindburst
Press: ? - help, Shift-Dir - straight line, f/p - orc warlord
Aim: an orc warlord, wielding a +3 great sword of flaming and wearing a +0 chain mail (almost dead, covered in acid, chance to affect: 29%)
The orc warlord easily resists.
You feel stable enough to blink again.
The orc warlord hits you with a +3 great sword of flaming!
* * * LOW HITPOINT WARNING * * *
The orc warlord burns you.
* * * LOW HITPOINT WARNING * * *
Press: ? - help, v - describe, . - travel
Here: an orc warlord, wielding a +3 great sword of flaming and wearing a +0 chain mail (almost dead, covered in acid)
The floor.
Okay, then.
Aiming: Mindburst
Press: ? - help, Shift-Dir - straight line, f/p - orc warlord
Aim: an orc warlord, wielding a +3 great sword of flaming and wearing a +0 chain mail (almost dead, covered in acid, chance to affect: 29%)
Okay, then.
Unknown command.
You feel much better. You block the orc warlord's attack.
You barely miss the orc warlord.
The orc warlord is almost dead.
You feel like a meek peon again.
You are no longer locked in place.
The orc warlord closely misses you.
You hit the orc warlord but do no damage.
The orc warlord is almost dead.
The orc warlord is no longer covered in acid.
The orc warlord hits you with a +3 great sword of flaming!!
You die...

........#####.......##..##...#.##
......####.####.........###.....#
.....###....##...##....##.#)....#
............##..#............[.##
.........#.##..............#[###
..............................##
................(..............##
..........#.#....o..........[[..#
.........###....@....[[...)>[...#
.........# ##.###....)....).[...#
........## ### #...............#
#.#......# ##..#..........##
####.##.## #...##...#...###
###### ##..####..#..## #...#
#......# ##.## ##....## ###
##...##


You could see an orc warlord.

Vanquished Creatures
  The ghost of Jyxzih Sechu the Eclecticist, a journeyman DESu of Sif Muna (Orc:1)
  A two-headed ogre (D:9)
  2 orc high priests (Orc:1)
  5 orc sorcerers
  3 orc knights (Orc:1)
  Maggie (D:6)
  4 gargoyles (D:7)
  7 trolls
  Grinder (D:3)
  A steam dragon (D:8)
  3 vampire mosquitoes (D:9)
  7 wargs
  4 water moccasins
  14 orc warriors
  6 ogres
  2 black bears
  A sky beast (D:6)
  A centaur (D:7)
  A phantom (D:4)
  3 kobold brigands
  5 bullfrogs
  2 necrophages
  4 scorpions
  2 gnoll sergeants
  9 wights
  3 killer bees (D:9)
  A howler monkey (D:9)
  An electric eel (D:7)
  4 hounds
  A human zombie (D:4)
  A jelly (D:6)
  Crazy Yiuf (D:3)
  10 orc priests
  A gnoll bouda (D:5)
  2 iguanas (D:5)
  3 scorpion zombies (D:4)
  17 orc wizards
  2 hound zombies (D:4)
  2 mummies (D:4)
  10 gnolls
  10 adders
  A shadow imp (D:8)
  2 ufetubi (D:5)
  An adder zombie (D:4)
  4 dart slugs
  67 orcs
  6 endoplasms
  3 giant cockroaches
  8 goblins
  2 hobgoblins
  11 jackals
  15 kobolds
  A quokka (D:3)
  6 ball pythons
  2 bats
  3 frilled lizards
  A jackal zombie (D:4)
  3 rats (D:2)
295 creatures vanquished.

Vanquished Creatures (others)
  An orc wizard (D:7)
  A gnoll (D:7)
  13 fungi
15 creatures vanquished.

Grand Total: 310 creatures vanquished

Notes
Turn   | Place    | Note
-------+----------+-------------------------------------------
     0 | D:1      | Ignak the Ogre Warper began the quest for the Orb.
     0 | D:1      | Reached XP level 1. HP: 22/22 MP: 3/3
   209 | D:1      | Reached XP level 2. HP: 22/29 MP: 5/5
   226 | D:1      | Learned a level 2 spell: Searing Ray
   229 | D:1      | Learned a level 2 spell: Blink
   638 | D:2      | Reached skill level 3 in Fighting
   638 | D:2      | Reached XP level 3. HP: 37/37 MP: 6/6
  1042 | D:2      | Reached XP level 4. HP: 45/45 MP: 8/8
  1047 | D:2      | Learned a level 3 spell: Teleport Other
  1377 | D:2      | Found Nitreg's Jewellery Shoppe.
  1590 | D:2      | Reached skill level 1 in Unarmed Combat
  2614 | D:3      | Noticed Grinder
  2627 | D:3      | Killed Grinder
  2628 | D:3      | Reached skill level 4 in Fighting
  2628 | D:3      | Reached skill level 1 in Armour
  2628 | D:3      | Reached skill level 1 in Conjurations
  2628 | D:3      | Reached XP level 5. HP: 32/54 MP: 4/9
  2628 | D:3      | Reached XP level 6. HP: 37/62 MP: 4/10
  2759 | D:3      | Found a runed translucent door.
  2760 | D:3      | Noticed Crazy Yiuf
  2770 | D:3      | Killed Crazy Yiuf
  2955 | D:4      | Noticed a black bear
  2959 | D:4      | Killed a black bear
  2963 | D:4      | Found a staircase to the Ecumenical Temple.
  2975 | D:4      | Reached XP level 7. HP: 52/71 MP: 12/12
  2980 | Temple   | Entered the Ecumenical Temple
  3422 | D:4      | Found a bloodstained altar of Trog.
  3622 | D:4      | Reached skill level 5 in Fighting
  3636 | D:4      | Learned a level 3 spell: Vhi's Electric Charge
  3803 | D:4      | Found a basalt altar of Yredelemnul.
  3985 | D:4      | Reached XP level 8. HP: 65/81 MP: 0/13
  4239 | D:5      | Entered Level 5 of the Dungeon
  4413 | D:5      | Found a burning altar of Makhleb.
  4430 | D:5      | Reached skill level 6 in Fighting
  5184 | D:5      | Reached XP level 9. HP: 92/92 MP: 7/15
  5191 | D:5      | Reached skill level 1 in Shields
  5453 | D:5      | Reached skill level 7 in Fighting
  5547 | D:5      | Learned a level 4 spell: Manifold Assault
  5857 | D:5      | Reached skill level 5 in Maces & Flails
  6213 | D:6      | Found a shadowy altar of Dithmenos.
  6322 | D:6      | Found a glowing golden altar of the Shining One.
  6339 | D:6      | Noticed Maggie
  6353 | D:6      | Killed Maggie
  6354 | D:6      | Reached skill level 5 in Spellcasting
  6730 | D:7      | Found a blossoming altar of Fedhas.
  6772 | D:7      | Found an iron altar of Okawaru.
  6852 | D:7      | Reached skill level 1 in Axes
  6889 | D:7      | Became a worshipper of Warmaster Okawaru
  7519 | D:7      | Noticed a gargoyle
  7526 | D:7      | Killed a gargoyle
  7527 | D:7      | Reached XP level 10. HP: 65/104 MP: 16/18
  7561 | D:7      | Noticed a gargoyle
  7568 | D:7      | Killed a gargoyle
  7581 | D:7      | Noticed a gargoyle
  7583 | D:7      | Killed a gargoyle
  7583 | D:7      | Reached * piety under Okawaru
  7592 | D:7      | Noticed a gargoyle
  7599 | D:7      | Killed a gargoyle
  7600 | D:7      | Reached skill level 8 in Fighting
  7671 | D:8      | Reached skill level 5 in Translocations
  7673 | D:8      | Reached ** piety under Okawaru
  7822 | D:8      | Found an ornate altar of the Wu Jian Council.
  7822 | D:8      | Found a shimmering altar of Xom.
  8027 | D:8      | Found a hazy altar of Hepliaklqana.
  8117 | D:8      | Reached skill level 5 in Dodging
  8564 | D:9      | Reached skill level 5 in Shields
  8909 | D:9      | Found a staircase to the Orcish Mines.
  9121 | D:9      | Reached *** piety under Okawaru
  9127 | D:9      | Reached skill level 5 in Throwing
  9301 | D:9      | Noticed a two-headed ogre
  9307 | D:9      | Killed a two-headed ogre
  9308 | D:9      | Reached XP level 11. HP: 86/113 MP: 20/20
 10291 | Orc:1    | Entered Level 1 of the Orcish Mines
 10562 | Orc:1    | Noticed Jyxzih Sechu's ghost (journeyman DESu)
 10577 | Orc:1    | Noticed an orc sorcerer
 10631 | Orc:1    | Killed an orc sorcerer
 10635 | Orc:1    | Reached **** piety under Okawaru
 10636 | Orc:1    | Reached skill level 9 in Fighting
 10664 | Orc:1    | Found a runed translucent gate.
 10675 | Orc:1    | Noticed an orc knight
 10715 | Orc:1    | Killed an orc knight
 10716 | Orc:1    | Reached skill level 5 in Axes
 10739 | Orc:1    | Found a runed translucent gate.
 10744 | Orc:1    | Found a runed translucent gate.
 11082 | Orc:1    | Noticed a mana viper
 11222 | Orc:1    | Noticed a mana viper
 11222 | Orc:1    | Noticed a mana viper
 11222 | Orc:1    | Noticed a mana viper
 11222 | Orc:1    | Killed Jyxzih Sechu's ghost
 11325 | Orc:1    | Received a gift from Okawaru
 11353 | Orc:2    | Entered Level 2 of the Orcish Mines
 11459 | Orc:2    | Noticed an orc knight
 11466 | Orc:2    | Noticed an orc sorcerer
 11472 | Orc:1    | Killed an orc knight
 11615 | Orc:1    | Paralysed by an orc sorcerer for 3 turns
 11621 | Orc:1    | Paralysed by an orc sorcerer for 3 turns
 11624 | Orc:1    | Killed an orc sorcerer
 11624 | Orc:1    | Reached ***** piety under Okawaru
 11828 | Orc:2    | Noticed an orc sorcerer
 11831 | Orc:2    | Reached skill level 1 in Invocations
 11834 | Orc:2    | Paralysed by an orc sorcerer for 4 turns
 11851 | Orc:1    | Killed an orc sorcerer
 11967 | Orc:1    | Reached XP level 12. HP: 123/124 MP: 22/22
 12019 | Orc:2    | Noticed an orc high priest
 12022 | Orc:2    | Noticed a soul eater
 12024 | Orc:2    | Gained mutation: You are dopey. (Int -2) [a neqoxec]
 12032 | Orc:1    | Killed an orc high priest
 12033 | Orc:1    | Reached skill level 10 in Fighting
 12114 | Orc:1    | Received a gift from Okawaru
 12181 | Orc:2    | Noticed an orc high priest
 12210 | Orc:1    | Killed an orc high priest
 12230 | Orc:2    | Found Zodul's Book Shoppe.
 12298 | Orc:1    | Paralysed by an orc sorcerer for 4 turns
 12340 | Orc:2    | Noticed an orc warlord
 12392 | Orc:1    | Mangled by an orc warlord

Illustrated notes

Levels and vault maps discovered:
D:1:      giann_bridges, layout_loops_ring
D:2:      layout_basic, serial_shops, shop
D:3:      layout_loops_cross, uniq_crazy_yiuf_cottage, uniq_grinder
D:4:      layout_loops_ring, lemuel_mausoleum_altar_yredelemnul,
          trog_antimagical, minmay_temple_entry_statues_fountains
D:5:      layout_basic, general_overflow_altar, minmay_pentangle
D:6:      layout_rooms, old_standard_altar,
          nicolae_dithmenos_through_a_glass_darkly, uniq_maggie
D:7:      cheibrodos_statue_roulette, layout_loops_ring,
          mainiacjoe_overflow_brackets, old_standard_altar, fountainhead
D:8:      layout_basic, nicolae_overflow_hidden_temple, jmf_multi_god_temple,
          st_stairs_3
D:9:      layout_layer_cave, erik_orc_3, nrook_uturn
Temple:   nicolae_temple_ecumenical_triangle
Orc:1:    layout_caves, gammafunk_ghost_split
Orc:2:    grunt_orc_gardens, layout_diamond_mine, grunt_orc_garden,
          grunt_orc_garden, grunt_orc_garden, grunt_orc_garden, serial_shops,
          nicolae_shop_bloodbath_and_beyond

Skill      XL: |  1  2  3  4  5  6  7  8  9 10 11 12 |
---------------+-------------------------------------+-----
Maces & Flails | 2 3 4 5 |  5.2
Fighting       | 3 4 5 6 7 8 9 10 | 10.1
Unarmed Combat | 1 |  1.0
Translocations | 3 4 5 6 |  6.3
Armour         | 1 2 3 4 |  4.9
Spellcasting   | 3 4 5 6 7 |  7.2
Conjurations   | 1 2 3 |  3.0
Dodging        | 3 4 5 6 |  6.1
Throwing       | 2 3 4 5 6 |  6.1
Shields        | 3 5 6 7 |  7.0
Axes           | 2 4 5 6 |  6.4
Invocations    | 1 3 |  3.1

Action                   |  1- 3 |  4- 6 |  7- 9 | 10-12 || total
-------------------------+-------+-------+-------+-------++-------
Melee: Mace              |    63 |    85 |   263 |       ||   411
       Punch             |       |       |     4 |     2 ||     6
       Broad axe         |       |       |    38 |   394 ||   432
Throw: Boomerang         |     5 |     3 |       |       ||     8
       Large rock        |       |    12 |     5 |     9 ||    26
 Cast: Searing Ray       |     3 |     4 |    33 |     7 ||    47
       Blink             |       |     1 |     4 |    10 ||    15
       Vhi's Electric Ch |       |       |     2 |     4 ||     6
       Manifold Assault  |       |       |     2 |     8 ||    10
       Teleport Other    |       |       |       |     1 ||     1
Invok: Heroism           |       |       |       |     8 ||     8
Evoke: Wand              |       |       |     8 |     8 ||    16
  Use: Scroll            |       |     3 |    10 |     7 ||    20
       Potion            |       |       |     5 |     8 ||    13
 Stab: Sleeping          |       |       |     2 |       ||     2
       Paralysed         |       |       |     7 |     4 ||    11
       Invisible         |       |       |       |     2 ||     2
Armor: Robe              |    33 |    31 |   112 |       ||   176
       Swamp dragon scal |       |       |    29 |   214 ||   243
Dodge: Dodged            |    36 |    62 |   203 |   241 ||   542
Block: Kite shield       |       |       |       |   169 ||   169

Table legend: (Time is in decaauts)
 A = Elapsed time spent in this place.
 B = Non-inter-level travel time spent in this place.
 C = Inter-level travel time spent in this place.
 D = Time resting spent in this place.
 E = Time spent auto-exploring this place.
 F = Levels seen in this place.
 G = Mean time per level.
                   A        B        C        D        E       F      G
               +--------+--------+--------+--------+--------+-----+--------+
         Total |  12631 |  12399 |    232 |   1417 |   7068 |  12 | 1052.6 |
       Dungeon |  10471 |  10253 |    218 |    884 |   6625 |   9 | 1163.4 |
        Temple |    103 |     89 |     14 |      0 |     66 |   1 |  103.0 |
  Orcish Mines |   2055 |   2055 |      0 |    533 |    377 |   2 | 1027.5 |
               +--------+--------+--------+--------+--------+-----+--------+

Top non-repeatable levels by time:
     D:9: 1884 daAuts
   Orc:1: 1755 daAuts
     D:5: 1742 daAuts
     D:4: 1251 daAuts
     D:2: 1237 daAuts
     D:3: 1083 daAuts
     D:7: 1043 daAuts
     D:8: 930 daAuts
     D:6: 655 daAuts
     D:1: 643 daAuts
   Orc:2: 300 daAuts
  Temple: 103 daAuts
